 Dungeon Crawl Stone Soup version 0.31.0-11-ge490571c62 (webtiles) character file.

Game seed: 15518731637619198219

9 browni3141 the Firebug (level 2, 19/19 HPs)
             Began as a Demonspawn Fire Elementalist on Jan 30, 2024.
             Got out of the dungeon alive.
             The game lasted 00:00:23 (397 turns).

browni3141 the Firebug (DsFE)                        Turns: 397, Time: 00:00:24

Health: 19/19      AC:  2    Str:  8    XL:     2   Next: 6%
Magic:  4/5        EV: 12    Int: 15    God:
Gold:   50         SH:  0    Dex: 13    Spells: 4/5 levels left

rFire   . . .        h - +2 spear (heavy)
rCold   . . .        (no shield)
rNeg    . . .        a - +0 robe
rPois   .            (no helmet)
rElec   .            (no cloak)
rCorr   .            (no gloves)
SInv    .            (no boots)
Will    .....        (no amulet)
Stlth   ++           (no ring)
HPRegen 0.23/turn    (no ring)
MPRegen 0.09/turn

%: no passive effects
@: no status effects
A: hooves 1
a: no special abilities


You escaped.
You visited 1 branch of the dungeon, and saw 1 of its levels.

You collected 50 gold pieces.

Inventory:

Hand Weapons
 h - a +2 heavy spear (weapon)
Armour
 a - a +0 robe (worn)
Scrolls
 d - a scroll of identify {unknown}
 e - a scroll of immolation {unknown}
Potions
 b - a potion of magic
 c - a potion of cancellation {unknown}
 f - a potion of invisibility {unknown}
 g - a potion of degeneration {unknown}
 i - a potion of mutation {unknown}
 j - a potion of heal wounds {unknown}


   Skills:
 + Level 1.9 Dodging
 + Level 2.0 Stealth
 + Level 2.1 Spellcasting
 + Level 1.2 Conjurations
 + Level 2.8 Fire Magic


You had 4 spell levels left.
You knew the following spells:

 Your Spells              Type           Power      Damage    Failure   Level
a - Foxfire               Conj/Fire      28%        2x1d5     10%         1

Your spell library contained the following spells:

 Spells                   Type           Power      Damage    Failure   Level
 Scorch                   Fire           20%        2d5       11%         2
 Inner Flame              Hex/Fire       5%         N/A       36%         3
 Volatile Blastmotes      Fire/Tloc      10%        2d10      36%         3
 Flame Wave               Conj/Fire      7%         2d5       67%         4


Dungeon Overview and Level Annotations

Branches:
Dungeon (1/15)

Altars:


Innate Abilities, Weirdness & Mutations

You have large cloven feet.


Message History

You conjure some foxfire!
The foxfire hits the quokka.
You kill the quokka!
Your foxfire dissipates!
An endoplasm comes into view.
An endoplasm is nearby!
An endoplasm is nearby!
An endoplasm is nearby!
You conjure some foxfire!
You miscast Foxfire.
You are very lightly contaminated with residual magic.
Nothing appears to happen.
The foxfire hits the endoplasm.
The endoplasm is severely wounded.
The endoplasm quivers.
The foxfire hits the endoplasm.
You kill the endoplasm!
Your magical contamination has completely faded away.
d - a scroll labelled WITECZ XI JUT You enter the shallow water.
Moving in this stuff is going to be slow.
e - a scroll labelled OTAQOR SACVY You conjure some foxfire!
You conjure some foxfire!
Your foxfire dissipates! x4
Found a stone staircase leading down.
f - a fuming blue potion You see here a +2 heavy spear.
There is a stone staircase leading down here.
You now have 7 gold pieces.
A giant cockroach comes into view.
You see here a fizzy dark potion.
A giant cockroach is nearby!
A giant cockroach is nearby!
You conjure some foxfire!
You conjure some foxfire!
The foxfire hits the giant cockroach.
The giant cockroach is almost dead.
The foxfire hits the giant cockroach.
You kill the giant cockroach!
Your foxfire dissipates! x2
g - a fizzy dark potion A hobgoblin comes into view.
A hobgoblin is nearby!
You miscast Foxfire.
You are very lightly contaminated with residual magic.
Nothing appears to happen.
The hobgoblin shouts!
You conjure some foxfire!
You conjure some foxfire!
The foxfire hits the hobgoblin.
The hobgoblin is heavily wounded.
A hobgoblin is nearby!
A hobgoblin is nearby!
The foxfire hits the hobgoblin.
The hobgoblin is almost dead.
The foxfire hits the hobgoblin.
You kill the hobgoblin!
Unknown command.
Your magical contamination has completely faded away.
There is a stone staircase leading down here.
You see here a +2 heavy spear.
h - a +2 heavy spear (weapon)
There is a stone staircase leading down here.
You now have 19 gold pieces (gained 12).
i - a golden potion
Found a stone staircase leading down.
You now have 30 gold pieces (gained 11).
You now have 38 gold pieces (gained 8).
j - an amethyst potion You now have 50 gold pieces (gained 12).
Key pressed, stopping explore.
A kobold comes into view. It is wielding a +0 short sword.
A kobold is nearby!
You conjure some foxfire!
You miscast Foxfire.
You are very lightly contaminated with residual magic.
Nothing appears to happen.
The foxfire hits the kobold.
The kobold is severely wounded.
The kobold shouts!
The foxfire hits the kobold.
You kill the kobold!
Your Stealth skill increases to level 2!
You have reached level 2!
Your demonic ancestry asserts itself...
Your feet thicken and deform.
Your magical contamination has completely faded away.
A rat comes into view.
You can't go up here!
A rat is nearby!
You conjure some foxfire!
The rat squeaks loudly.
You conjure some foxfire!
The foxfire hits the rat.
You kill the rat!
A frilled lizard comes into view.
Your foxfire dissipates!
The foxfire hits the frilled lizard.
You kill the frilled lizard!
Press: ? - help, v - describe, . - travel The floor.
There is a staircase leading out of the dungeon here.
You have escaped!

###########
#.........#
#.⌠..@..⌠.#
#.........#
####...####
#...#
####...####
#.........#
#.......>.#
#.........#
####...####


There were no monsters in sight!

Vanquished Creatures
  2 endoplasms (D:1)
  A giant cockroach (D:1)
  A hobgoblin (D:1)
  A kobold (D:1)
  A quokka (D:1)
  A frilled lizard (D:1)
  A rat (D:1)
8 creatures vanquished.

Vanquished Creatures (others)
  22 foxfires (D:1)
22 creatures vanquished.

Grand Total: 30 creatures vanquished

Notes
Turn   | Place    | Note
-------+----------+-------------------------------------------
     0 | D:1      | browni3141 the Demonspawn Fire Elementalist began the quest
                  | for the Orb.
     0 | D:1      | Reached XP level 1. HP: 13/13 MP: 3/3
   333 | D:1      | Gained mutation: You have large cloven feet. [demonic
                  | ancestry]
   333 | D:1      | Reached XP level 2. HP: 19/19 MP: 1/5
   397 | D:$      | Got out of the dungeon alive.

Illustrated notes

Levels and vault maps discovered:
D:1:      minmay_arrival_hallway, layout_basic, chequers_serial_rivers_micro_b,
          lexackson_kobold_supper

Skill      XL: |  1 |
---------------+----+-----
Stealth        | 2 |  2.0
Dodging        | |  1.9
Spellcasting   | |  2.1
Conjurations   | |  1.2
Fire Magic     | |  2.8

Action                     || total
---------------------------++-------
   Cast: Foxfire           ||    14
